 Dungeon Crawl Stone Soup version 0.31-a0-175-g9f7f995f2b (webtiles) character file.

Game seed: 9308807497477163180

87 qw the Shooter (level 4, -2/39 HPs)
             Began as a Naga Hunter on June 16, 2023.
             Slain by a goblin
             ... wielding a +0 dagger
              (3 damage)
             ... on level 2 of the Dungeon.
             The game lasted 00:00:27 (1360 turns).

qw the Shooter (Naga Hunter)                        Turns: 1360, Time: 00:00:28

Health: -2/39      AC:  2    Str: 14    XL:     4   Next: 51%
Magic:  4/4        EV:  9    Int:  9    God:
Gold:   70         SH:  0    Dex: 16    Spells: 3/3 levels left

rFire   . . .        Y - +0 shortbow
rCold   . . .        (shield currently unavailable)
rNeg    . . .        c - +0 leather armour
rPois   +            (no helmet)
rElec   .            (no cloak)
rCorr   .            (no gloves)
SInv    +            (no barding)
Will    .....        (no amulet)
Stlth   ++           (no ring)
HPRegen 0.26/turn    (no ring)
MPRegen 0.09/turn

%: no passive effects
@: lethally poisoned (-2 -> -4), short of breath, very slow
A: AC +1, large, see invisible, deformed body, poison resistance, slowness 2,
spit poison 1, naga tail 1
a: Spit Poison


You were on level 2 of the Dungeon.
You visited 1 branch of the dungeon, and saw 2 of its levels.

You collected 70 gold pieces.


Innate Abilities, Weirdness & Mutations

Your serpentine skin is tough. (AC +1)
You have supernaturally acute eyesight. (SInv)
Armour fits poorly on your strangely shaped body.
Your system is resistant to poisons. (rPois)
You cover ground very slowly.
You can spit poison.
You have a snake-like lower body.


   Skills:
 + Level 2.1 Fighting
 - Level 5.2 Ranged Weapons
 - Level 1.5 Dodging
 - Level 1.5 Stealth


You had 3 spell levels left.
You didn't know any spells.
Your spell library was empty.

Inventory:

Hand Weapons
 Y - a +0 shortbow (weapon)
Armour
 c - a +0 leather armour (worn)
Jewellery
 b - a ring of protection from cold
Scrolls
 a - a scroll of identify
 d - a scroll of noise {unknown}
Potions
 e - a potion of invisibility {unknown}
 f - a potion of curing

Dungeon Overview and Level Annotations

Branches:
Dungeon (2/15)

Altars:


Message History

The hobgoblin closely misses you. The goblin misses you.
The hobgoblin hits you.
1353 ||| INVOKING Spit Poison.
Aiming: Spit Poison (1% risk of failure)
Press: ? - help, Shift-Dir - straight line, f/p - hobgoblin The splash of poison misses the hobgoblin.
The hobgoblin hits you. x2; The goblin hits you with a +0 dagger.
1354 ||| DRINKING potion of heal wounds.
You feel much better. The hobgoblin closely misses you.
The hobgoblin barely misses you.
You shoot an arrow. The arrow hits the hobgoblin.
The hobgoblin is severely wounded.
The hobgoblin hits you. The goblin barely misses you.
The hobgoblin barely misses you. The goblin closely misses you.
You shoot an arrow. The arrow closely misses the hobgoblin.
The hobgoblin hits you. The goblin hits you with a +0 dagger.
The goblin hits you but does no damage. The hobgoblin hits you.
You shoot an arrow. The arrow closely misses the hobgoblin.
The hobgoblin barely misses you. The hobgoblin closely misses you.
The goblin hits you with a +0 dagger.
The goblin hits you with a +0 dagger of venom.
You are poisoned.
The goblin hits you with a +0 dagger of venom.
The goblin hits you with a +0 dagger. The hobgoblin barely misses you.
The hobgoblin hits you.
You shoot an arrow. The arrow hits the hobgoblin.
You kill the hobgoblin!
You feel sick. The hobgoblin hits you. The goblin hits you with a +0 dagger.
You shoot an arrow. The arrow hits the goblin.
You kill the goblin!
You have got your breath back.
You feel sick. The goblin hits you with a +0 dagger.
The hobgoblin barely misses you.
1360 ||| INVOKING Spit Poison.
Aiming: Spit Poison (1% risk of failure)
Press: ? - help, Shift-Dir - straight line, f - goblin The splash of poison hits the goblin.
The goblin is poisoned.
You kill the goblin!
You feel sick. The hobgoblin closely misses you.
The goblin hits you with a +0 dagger.
You die...

#.##....# ..#######
##### ### #... ..#
#####.# ..# ###.....#
######### #.....#.# #
.........
.....#'#...###.#.#
#..........>.
##g##........#
#.#######.#.
#g@)#...##.## #.# #(..
##g####..# #.#######..#
.g. ##.# #...%...#..#
'.).' #.#
#######.#..##.#...#.##.#
#.....#.#...####+####..#
#.###.#.#.#...# #...##
#.#...........## ##.###
#.#.#.#.#.#.#.%###..#


You could see 2 hobgoblins and 2 goblins.

Vanquished Creatures
  Natasha (D:2)
  A gnoll (D:1)
  An adder (D:2)
  4 endoplasms
  2 giant cockroaches (D:1)
  8 goblins
  3 hobgoblins (D:2)
  4 kobolds
  A quokka (D:2)
  4 ball pythons
  5 bats
  5 frilled lizards
  6 rats
45 creatures vanquished.

Notes
Turn   | Place    | Note
-------+----------+-------------------------------------------
     0 | D:1      | qw the Naga Hunter began the quest for the Orb.
     0 | D:1      | Reached XP level 1. HP: 19/19 MP: 1/1
     0 | D:1      | 0 ||| qw: Version: 0.2-a-29-g511e9b1
     0 | D:1      | 0 ||| qw: Game counter: 5873
     0 | D:1      | 0 ||| qw: Always use a shield: true
     0 | D:1      | 0 ||| qw: God list: Okawaru
     0 | D:1      | 0 ||| qw: Allow faded altars: false
     0 | D:1      | 0 ||| qw: Do Orc after D:15 true
     0 | D:1      | 0 ||| qw: Do second Lair branch before Depths: true
     0 | D:1      | 0 ||| qw: Lair rune preference: random
     0 | D:1      | 0 ||| qw: Plans: Normal
     0 | D:1      | 0 ||| PLANNING D:1-11
    52 | D:1      | 52 ||| INVOKING Spit Poison.
    96 | D:1      | 96 ||| INVOKING Spit Poison.
   101 | D:1      | 101 ||| INVOKING Spit Poison.
   111 | D:1      | 111 ||| INVOKING Spit Poison.
   123 | D:1      | 123 ||| INVOKING Spit Poison.
   150 | D:1      | 150 ||| INVOKING Spit Poison.
   152 | D:1      | Reached skill level 4 in Ranged Weapons
   152 | D:1      | Reached XP level 2. HP: 26/26 MP: 2/2
   187 | D:1      | 187 ||| INVOKING Spit Poison.
   201 | D:1      | 201 ||| INVOKING Spit Poison.
   207 | D:1      | 207 ||| INVOKING Spit Poison.
   219 | D:1      | 219 ||| INVOKING Spit Poison.
   226 | D:1      | 226 ||| INVOKING Spit Poison.
   232 | D:1      | 232 ||| INVOKING Spit Poison.
   235 | D:1      | Reached XP level 3. HP: 32/32 MP: 3/3
   242 | D:1      | 242 ||| INVOKING Spit Poison.
   263 | D:1      | 263 ||| INVOKING Spit Poison.
   322 | D:1      | 322 ||| INVOKING Spit Poison.
   325 | D:1      | 325 ||| INVOKING Spit Poison.
   555 | D:1      | 555 ||| INVOKING Spit Poison.
   778 | D:1      | 778 ||| READING 3 scrolls labelled NAUPAM YTHE.
   779 | D:1      | 779 ||| READING scroll labelled EMEPRA KIOSCHOR.
   782 | D:1      | 782 ||| DRINKING 2 cyan potions.
   783 | D:1      | 783 ||| DRINKING 2 amethyst potions.
   784 | D:1      | 784 ||| READING 2 scrolls of identify.
   784 | D:1      | 784 ||| IDENTIFYING coppery potion
   785 | D:1      | 785 ||| DROPPING scroll of butterflies.
   786 | D:1      | 786 ||| DROPPING potion of attraction.
   867 | D:2      | 867 ||| INVOKING Spit Poison.
  1086 | D:2      | 1086 ||| INVOKING Spit Poison.
  1091 | D:2      | 1091 ||| INVOKING Spit Poison.
  1097 | D:2      | 1097 ||| INVOKING Spit Poison.
  1110 | D:2      | 1110 ||| INVOKING Spit Poison.
  1230 | D:2      | 1230 ||| INVOKING Spit Poison.
  1283 | D:2      | Noticed Natasha
  1284 | D:2      | 1284 ||| INVOKING Spit Poison.
  1289 | D:2      | Killed Natasha
  1290 | D:2      | Reached skill level 5 in Ranged Weapons
  1290 | D:2      | Reached XP level 4. HP: 33/39 MP: 4/4
  1341 | D:2      | 1341 ||| INVOKING Spit Poison.
  1346 | D:2      | 1346 ||| INVOKING Spit Poison.
  1353 | D:2      | 1353 ||| INVOKING Spit Poison.
  1353 | D:2      | HP: 7/39 [goblin/+0 dagger (4)]
  1354 | D:2      | 1354 ||| DRINKING potion of heal wounds.
  1358 | D:2      | HP: 6/39 [hobgoblin (4)]
  1359 | D:2      | HP: 1/39 [goblin/+0 dagger (3)]
  1360 | D:2      | 1360 ||| INVOKING Spit Poison.
  1360 | D:2      | Slain by a goblin

Levels and vault maps discovered:
D:1:      sevenhm_arrival_forest_fort_large_4, layout_basic,
          nrook_loot_triangle, st_stairs_9
D:2:      cheibrodos_greedy_goblins, layout_basic,
          hellmonk_ecumenical_altar_run_dry, uniq_natasha

Skill      XL: |  1  2  3 |
---------------+----------+-----
Ranged Weapons | 4 5 |  5.2
Fighting       | |  2.1
Dodging        | |  1.5
Stealth        | |  1.5

Action                     |  1- 3 |  4- 6 || total
---------------------------+-------+-------++-------
   Fire: Shortbow          |    61 |    15 ||    76
Ability: Spit Poison       |    24 |     4 ||    28
    Use: Scroll            |     3 |       ||     3
         Potion            |     2 |     1 ||     3
 Armour: Leather armour    |     1 |     1 ||     2
  Dodge: Dodged            |    10 |    25 ||    35

Table legend:
 A = Non-vault XP
 B = Vault XP
 C = Vault XP percentage of total XP
 D = Non-vault monster count
 E = Vault monster count
 F = Vault count percentage of total count
                 A         B        C        D         E       F
            +---------+---------+-------+---------+---------+-------
      Total |      75 |      52 |  40.9 |      35 |      10 |  22.2
            +---------+---------+-------+---------+---------+-------
        D:1 |      45 |       3 |   6.2 |      22 |       2 |   8.3
        D:2 |      30 |      49 |  62.0 |      13 |       8 |  38.1
            +---------+---------+-------+---------+---------+-------
